 Dungeon Crawl Stone Soup version 0.19.4-8-ga85b6b9 (webtiles) character file.

502 vatarom the Summoner (level 7, -1/40 HPs)
             Began as a Tengu Summoner on Feb 8, 2017.
             Slain by a gnoll
             ... wielding a +0 whip
              (7 damage)
             ... on level 3 of the Dungeon.
             The game lasted 00:12:57 (5370 turns).

vatarom the Summoner (Tengu Summoner)               Turns: 5370, Time: 00:12:58

Health: -1/40      AC:  3    Str: 11    XL:     7   Next: 17%
Magic:  13/13      EV: 12    Int: 15    God:
Gold:   213        SH:  0    Dex: 14    Spells: 4 memorised, 4 levels left

rFire  . . .     SeeInvis .     k - +3 quarterstaff (chaos)
rCold  . . .     Gourm    .     a - +0 robe
rNeg   . . .     Faith    .     (shield currently unavailable)
rPois  .         Spirit   .     (helmet restricted)
rElec  .         Reflect  .     l - +0 cloak
rCorr  .         Harm     .     (no gloves)
MR     .....                    (boots unavailable)
Stlth  ++........               (no amulet)
                                (no ring)
                                g - ring of wizardry

@: no status effects
A: beak, horns 1, talons 3, able to fly 1
a: Fly


You were on level 3 of the Dungeon.
You were near starving.

You visited 1 branch of the dungeon, and saw 4 of its levels.

You collected 213 gold pieces.

Inventory:

Hand Weapons
 d - a +0 dagger
 k - a +3 quarterstaff of chaos (weapon)
Armour
 a - a +0 robe (worn)
 l - a +0 cloak (worn)
Jewellery
 g - a ring of wizardry (left hand)
Scrolls
 c - a scroll of teleportation
 f - 3 scrolls of immolation
 h - 3 scrolls of identify
 m - a scroll of recharging
Potions
 e - 2 potions of brilliance
 j - a potion of cancellation
Books
 b - a book of Callings

   Spells                             Type                      Level
   a - Summon Small Mammal            Summoning                    1
   b - Call Imp                       Summoning                    2
   c - Call Canine Familiar           Summoning                    3
   d - Summon Guardian Golem          Hexes/Summoning              3
   e - Summon Lightning Spire         Summoning/Air                4
   f - Summon Ice Beast               Ice/Summoning                4


   Skills:
 - Level 2.2 Fighting
 - Level 2.1 Dodging
 - Level 2.0 Stealth
 - Level 3.7 Spellcasting
 + Level 8.5 Summonings


You had 4 spell levels left.
You knew the following spells:

 Your Spells              Type           Power        Failure   Level  Hunger
a - Summon Small Mammal   Summ           ####         1%          1    None
b - Call Imp              Summ           ####....     1%          2    ##.....
c - Call Canine Familiar  Summ           ####....     1%          3    ###....
d - Summon Guardian Gole  Hex/Summ       ###.....     4%          3    ###....


Dungeon Overview and Level Annotations

Branches:
Dungeon (4/15)
 Temple: D:4-7

Altars:
Ashenzari
Fedhas
Kikubaaqudgha
Xom
Zin


Innate Abilities, Weirdness & Mutations

You have a beak for a mouth.
You have claws for feet.
You can fly.
You have a pair of small horns on your head.


Message History

You start resting.
You are near starving!
There is a stone staircase leading down, spattered with blood here.
You climb downwards.
The gnoll closely misses you. The gnoll misses you.
The gnoll hits you with a whip.
* * * LOW HITPOINT WARNING * * *
There is a stone staircase leading up, spattered with blood here.
The gnoll closely misses you. The gnoll hits you with a halberd!
* * * LOW HITPOINT WARNING * * *
You climb upwards.
There is a stone staircase leading down, spattered with blood here.
Unknown command.
Unknown command.
You sock the gnoll!
You kill the gnoll!
The gnoll barely misses you.
You completely miss the gnoll. You claw the gnoll. You headbutt the gnoll.
The gnoll is heavily wounded.
The gnoll hits you with a whip!
You die...

≈≈≈≈≈≈≈≈≈≈≈≈≈≈≈≈≈≈≈≈≈≈≈≈≈≈≈≈≈≈≈≈≈
≈≈≈≈≈≈≈≈≈≈≈≈≈≈≈≈≈≈≈≈≈≈≈≈≈≈≈≈≈≈≈≈≈
..≈≈≈≈≈...≈≈≈.≈≈≈.≈≈≈≈≈.≈≈...≈.≈≈
.................................
.....[...........................
################.................
#......<..#####...
#g).......#####...
#@................
#####.).......#####...
#.......###########... #........#
#...... #........# #......
#........# ####...... #.......##
#......... #####'### #.........
#.# #.........


You could see a gnoll.

Vanquished Creatures
  An orc priest (D:3)
  An orc wizard (D:3)
  Terence (D:3)
  3 gnolls (D:3)
  2 adders
  A worm (D:3)
  A dart slug (D:2)
  4 orcs (D:3)
  A ball python (D:3)
  A giant cockroach (D:3)
  4 goblins
  20 kobolds
  2 frilled lizards
  7 rats
49 creatures vanquished.

Vanquished Creatures (collateral kills)
  6 big kobolds (D:3)
  An orc priest (D:3)
  Crazy Yiuf (D:2)
  Natasha (thrice) (D:2)
  2 adders
  2 worms
  2 orcs (D:3)
  A giant cockroach (D:1)
  7 goblins
  5 hobgoblins
  A jackal (D:3)
  2 bats
  4 frilled lizards
  25 kobolds
  3 rats
65 creatures vanquished.

Grand Total: 114 creatures vanquished

Notes
Turn   | Place    | Note
-------+----------+-------------------------------------------
     0 | D:1      | vatarom the Tengu Summoner began the quest for the Orb.
     0 | D:1      | Reached XP level 1. HP: 10/10 MP: 4/4
   254 | D:1      | Reached skill level 1 in Fighting
   573 | D:1      | Reached XP level 2. HP: 16/16 MP: 6/6
   621 | D:1      | Gained mutation: You have a pair of small horns on your head. [potion of beneficial mutation]
  1019 | D:1      | Learned a level 2 spell: Call Imp
  1605 | D:2      | Found a shimmering altar of Xom.
  1606 | D:2      | Noticed an angel
  1607 | D:2      | Found a glowing silver altar of Zin.
  1883 | D:2      | Noticed Natasha
  1899 | D:2      | Killed Natasha
  1899 | D:2      | Reached XP level 3. HP: 21/21 MP: 1/7
  2059 | D:2      | Noticed Natasha
  2186 | D:2      | Killed Natasha
  2298 | D:2      | Found a runed door.
  2303 | D:2      | Learned a level 3 spell: Call Canine Familiar
  2486 | D:2      | Noticed Crazy Yiuf
  2498 | D:2      | Killed Crazy Yiuf
  2498 | D:2      | Reached XP level 4. HP: 16/26 MP: 0/9
  2715 | D:2      | Noticed Natasha
  2721 | D:2      | Killed Natasha
  3312 | D:2      | Learned a level 3 spell: Summon Guardian Golem
  3347 | D:3      | Reached skill level 5 in Summonings
  3347 | D:3      | Gained mutation: You can fly. [Tengu growth]
  3347 | D:3      | Reached XP level 5. HP: 25/30 MP: 1/11
  3612 | D:3      | Noticed Terence
  3630 | D:3      | Killed Terence
  4045 | D:3      | Found an ancient bone altar of Kikubaaqudgha.
  4048 | D:3      | Found a blossoming altar of Fedhas.
  4185 | D:3      | Reached skill level 6 in Summonings
  4382 | D:3      | Found a shattered altar of Ashenzari.
  4556 | D:3      | Reached XP level 6. HP: 34/35 MP: 1/12
  4816 | D:3      | Reached skill level 7 in Summonings
  4929 | D:3      | Reached skill level 8 in Summonings
  4929 | D:3      | Reached XP level 7. HP: 29/40 MP: 1/13
  5248 | D:3      | HP: 1/40 [gnoll/spear (4)]
  5254 | D:3      | HP: 2/40 [gnoll/spear (2)]
  5262 | D:3      | HP: 1/40 [gnoll/spear (4)]
  5370 | D:3      | Slain by a gnoll

Skill      XL: |  1  2  3  4  5  6 |
---------------+-------------------+-----
Fighting       | 1 2 |  2.2
Spellcasting   | 3 |  3.7
Summonings     | 5 6 8 |  8.5
Dodging        | |  2.1
Stealth        | |  2.0

Action                   |  1- 3 |  4- 6 |  7- 9 || total
-------------------------+-------+-------+-------++-------
Melee: Dagger            |    43 |       |       ||    43
       Peck              |     4 |     8 |     3 ||    15
       Kick              |     4 |     9 |     8 ||    21
       Headbutt          |     5 |     6 |     5 ||    16
       Quarterstaff      |       |    62 |    20 ||    82
 Cast: Summon Small Mamm |    19 |     1 |       ||    20
       Call Imp          |    19 |    28 |     3 ||    50
       Call Canine Famil |     1 |    15 |     1 ||    17
       Summon Guardian G |       |     6 |       ||     6
 Abil: Fly               |       |     1 |       ||     1
  Use: Potion            |     5 |     3 |     2 ||    10
       Scroll            |     6 |     2 |       ||     8
 Stab: Sleeping          |     1 |     1 |       ||     2
  Eat: Bread ration      |     1 |     1 |       ||     2
       Chunk             |     2 |       |     1 ||     3
       Meat ration       |       |     1 |       ||     1
       Pizza             |       |     1 |       ||     1
Armor: Robe              |     8 |    13 |     5 ||    26
Dodge: Dodged            |    55 |    51 |    30 ||   136
